 Dungeon Crawl Stone Soup version 0.29-a0-1043-g569b05d6ff (webtiles) character file.

Game seed: 16022223912204944402

64 ytrimaz the Insei (level 3, -25/39 HPs)
             Began as a Demonspawn Transmuter on Aug 15, 2022.
             Killed by an exploding ball python (29 damage)
             ... ignited by their inner flame
             ... on level 2 of the Dungeon.
             The game lasted 00:02:12 (2015 turns).

ytrimaz the Insei (Demonspawn Transmuter)           Turns: 2015, Time: 00:02:13

Health: -25/39     AC: 21    Str: 10    XL:     3   Next: 91%
Magic:  7/7        EV:  2    Int: 16    God:
Gold:   110        SH:  0    Dex: 13    Spells: 1/7 levels left

rFire   . . .      SeeInvis .     - Unarmed
rCold   . . .      Faith    .   (no shield)
rNeg    . . .      Spirit   .   (body armour currently unavailable)
rPois   +          Reflect  .   (helmet currently unavailable)
rElec   .          Harm     .   (cloak currently unavailable)
rCorr   .          Rampage  .   (gloves currently unavailable)
Will    .....      NoTele   +   (boots currently unavailable)
Stlth   +.........              d - amulet of the acrobat
HPRegen 0.13/turn               (no ring)
MPRegen 0.10/turn               (no ring)

@: brilliant, lethally poisoned (-25 -> -30), tree-form, acrobatic
A: stationary, stasis, torment immunity, boosted hp, powered by pain 1, demonic
magic 1
a: no special abilities


You were on level 2 of the Dungeon.
You were a tree.
You visited 1 branch of the dungeon, and saw 2 of its levels.

You collected 110 gold pieces.

Inventory:

Armour
 a - a +1 robe (melded)
Jewellery
 d - an amulet of the acrobat (around neck)
Wands
 f - a wand of charming (11)
Potions
 b - a potion of lignification


   Skills:
 - Level 1.0 Fighting
 - Level 1.7 Dodging
 + Level 3.4 Unarmed Combat
 * Level 2.8 Spellcasting
 * Level 2.4 Transmutations


You had one spell level left.
You knew the following spells:

 Your Spells              Type           Power      Damage    Failure   Level
a - Beastly Appendage     Tmut           30%        N/A       7%          1
b - Wereblood             Tmut           15%        N/A       11%         2
c - Spider Form           Tmut/Pois      9%         N/A       34%         3

Your spell library contained the following spells:

 Spells                   Type           Power      Damage    Failure   Level
 Magic Dart               Conj           12%        1d3       19%         1
 Searing Ray              Conj           6%         2d4       28%         2
 Ice Form                 Ice/Tmut       9%         N/A       75%         4
 Fulminant Prism          Conj/Hex       1%         3d6       88%         4


Dungeon Overview and Level Annotations

Branches:
Dungeon (2/15)

Altars:

Shops:
D:1 [


Innate Abilities, Weirdness & Mutations

You are a tree.
Your roots penetrate the ground, keeping you stationary.
You cannot be teleported.
You are immune to unholy pain and torment.
Your maximum health is greatly increased.
Your equipment is partially melded.
You sometimes gain a little power by taking damage.
Spells you cast may paralyse adjacent enemies.


Message History

You hit the goblin.
The goblin is severely wounded.
You feel very sick. The goblin hits you but does no damage.
You hit the goblin.
You kill the goblin!
You feel very sick.
Unknown command.
It was a potion of flight.
Your roots keep you in place.
* * * LOW HITPOINT WARNING * * *
You feel sick.
The ball python bites you but does no damage.
The ball python grabs you. The ball python constricts you.
Unknown command.
You aren't carrying any scrolls.
Unknown command.
You aren't carrying any scrolls.
Aiming: Charm
Press: ? - help, Shift-Dir - straight line, f - ball python
Aim: a ball python (constricting you, inner flame, chance to affect: 66%)
The ball python struggles to resist.
* * * LOW HITPOINT WARNING * * *
You feel sick. The ball python bites you.
* * * LOW HITPOINT WARNING * * *
The ball python constricts you.
The ball python bites you but does no damage.
The ball python constricts you.
* * * LOW HITPOINT WARNING * * *
You feel sick.
The frilled lizard unfolds its giant frill.
The ball python bites you but does no damage.
The ball python constricts you.
Unknown command.
You hit the ball python.
The ball python explodes!
The fiery explosion engulfs the frilled lizard!!
You kill the frilled lizard!
The fiery explosion engulfs you!!
Ouch! That really hurt!
You die...

# #.......... # #.........
# ........ # # ...$.. #
#.##.... # #...... #
..##....###### #
.........§§♣.# .# ## #####
..<......###.# ....# #....
$........# #^# ...# #....
.........# #.# ....##...)
.$......####.## #.#.##....
..#..........>##
#.#....... #
#............####.#.......
##................#.##....
#..........####....##..##


There were no monsters in sight!

Vanquished Creatures
  Robin (D:2)
  A worm (D:2)
  2 dart slugs (D:1)
  2 bats (D:1)
  2 endoplasms
  11 goblins
  5 hobgoblins (D:2)
  4 jackals (D:1)
  A kobold (D:1)
  A quokka (D:2)
  3 ball pythons
  9 frilled lizards
  6 rats
48 creatures vanquished.

Notes
Turn   | Place    | Note
-------+----------+-------------------------------------------
     0 | D:1      | ytrimaz the Demonspawn Transmuter began the quest for the
                  | Orb.
     0 | D:1      | Reached XP level 1. HP: 15/15 MP: 3/3
   170 | D:1      | Found a faded altar of an unknown god.
   408 | D:1      | Reached skill level 3 in Unarmed Combat
   434 | D:1      | Gained mutation: Spells you cast may paralyse adjacent
                  | enemies. [demonic ancestry]
   434 | D:1      | Reached XP level 2. HP: 10/21 MP: 3/5
   780 | D:1      | Learned a level 2 spell: Wereblood
  1195 | D:1      | Found Yvamij's Antique Armour Boutique.
  1461 | D:2      | Noticed Robin
  1472 | D:2      | Gained mutation: You sometimes gain a little power by
                  | taking damage. [demonic ancestry]
  1472 | D:2      | Reached XP level 3. HP: 26/26 MP: 2/6
  1481 | D:2      | Killed Robin
  1869 | D:2      | Learned a level 3 spell: Spider Form
  2015 | D:2      | Killed by an exploding ball python... ignited by their
                  | inner flame

Illustrated notes

Levels and vault maps discovered:
D:1:      dpeg_arrival_oval, layout_loops_corners, serial_shops, shop,
          chequers_ecumenical_altar_island, minmay_domino_2
D:2:      layout_rooms, minmay_lizard_pond, uniq_robin

Skill      XL: |  1  2 |
---------------+-------+-----
Unarmed Combat | 3 |  3.4
Transmutations | 2 |  2.4
Fighting       | |  1.0
Dodging        | |  1.7
Spellcasting   | |  2.8

Action                   || total
-------------------------++-------
Melee: Unarmed           ||   116
       Kick              ||    20
       Headbutt          ||    11
       Punch             ||     1
 Cast: Beastly Appendage ||    22
       Wereblood         ||     2
Evoke: Wand              ||     1
  Use: Scroll            ||     5
       Potion            ||     4
 Stab: Paralysed         ||     6
Armor: Robe              ||    28
       Skin              ||     8
Dodge: Dodged            ||   100

Table legend: (Time is in decaauts)
 A = Elapsed time spent in this place.
 B = Non-inter-level travel time spent in this place.
 C = Inter-level travel time spent in this place.
 D = Time resting spent in this place.
 E = Time spent auto-exploring this place.
 F = Levels seen in this place.
 G = Mean time per level.
                   A        B        C        D        E       F      G
               +--------+--------+--------+--------+--------+-----+--------+
         Total |   2011 |   2001 |     10 |    102 |   1561 |   2 | 1005.5 |
       Dungeon |   2011 |   2001 |     10 |    102 |   1561 |   2 | 1005.5 |
               +--------+--------+--------+--------+--------+-----+--------+

Top non-repeatable levels by time:
     D:1: 1369 daAuts
     D:2: 642 daAuts
